 Dungeon Crawl Stone Soup version 0.31-a0-233-g139696dc86 (webtiles) character file.

Game seed: 17426147747393130661

16293 qw the Marksgargoyle (level 12, -3/77 HPs)
             Began as a Gargoyle Hexslinger on July 8, 2023.
             Was a Believer of Okawaru.
             Slain by a seven-headed hydra (8 damage)
             ... on level 2 of the Lair of Beasts.
             The game lasted 00:04:13 (10033 turns).

qw the Marksgargoyle (Gargoyle Hexslinger)         Turns: 10033, Time: 00:04:13

Health: -3/77      AC: 24    Str: 12    XL:     12   Next: 36%
Magic:  14/15      EV: 17    Int: 15    God:    Okawaru [**....]
Gold:   631        SH:  0    Dex: 16    Spells: 12/13 levels left

rFire   . . .        Y - +0 arbalest (flame)
rCold   + . .        (shield currently unavailable)
rNeg    + . .        l - +0 steam dragon scales
rPois   inf          o - +0 helmet
rElec   +            (no cloak)
rCorr   .            b - +2 pair of gloves
SInv    .            j - +2 pair of boots
Will    .....        (no amulet)
Stlth   +++          i - ring of protection from cold
HPRegen 0.32/turn    (no ring)
MPRegen 0.14/turn

%: no passive effects
@: about to teleport, heroic
A: sickness immunity, AC +8, negative energy resistance 1, electricity
resistance, torment resistance 1, petrification resistance
a: Renounce Religion, Heroism


You were on level 2 of the Lair of Beasts.
You worshipped Okawaru.
Okawaru was pleased with you.
You visited 3 branches of the dungeon, and saw 12 of its levels.

You collected 721 gold pieces.
You spent 90 gold pieces at shops.


Innate Abilities, Weirdness & Mutations

You are immune to sickness and miasma.
Your stone body is resilient. (AC +8)
You are immune to poison.
You resist negative energy. (rN+)
You are resistant to electric shocks. (rElec)
You are resistant to unholy torment.
You are immune to petrification.


   Skills:
 - Level 10.0(15.0) Fighting
 + Level 15.4(20.4) Ranged Weapons
 - Level 5.0(10.0) Armour
 - Level 5.2(10.2) Dodging
 - Level 1.0 Spellcasting
 - Level 2.6 Hexes
 - Level 4.0 Invocations


You had 12 spell levels left.
You knew the following spells:

 Your Spells              Type           Power      Damage    Failure   Level
a - Slow                  Hex            32%        N/A       9%          1

Your spell library contained the following spells:

 Spells                   Type           Power      Damage    Failure   Level
 Inner Flame              Hex/Fire       4%         N/A       38%         3
 Portal Projectile        Hex/Tloc       8%         N/A       38%         3
 Cause Fear               Hex            4%         N/A       63%         4

Inventory:

Hand Weapons
 Y - a +0 arbalest of flaming (weapon)
Armour
 b - a +2 pair of gloves (worn)
 j - a +2 pair of boots (worn)
 l - +0 steam dragon scales (worn)
 o - a +0 helmet (worn)
 q - a +2 pair of boots
Jewellery
 c - a ring of fire
 i - a ring of protection from cold (left hand)
 n - the ring of Heidafeg {Ice Int+2}
   (You found it on level 9 of the Dungeon)

   [ring of ice]

   It enhances your ice magic.
   Int:       It affects your intelligence (+2).
   rF:        It makes you vulnerable to fire.
   rC:        It protects you from cold.
Wands
 a - a wand of digging (3)
Scrolls
 f - 8 scrolls of identify
 m - 2 scrolls of teleportation
Potions
 d - a potion of heal wounds
 e - 4 potions of curing
 g - 3 potions of might
 h - 5 potions of enlightenment
 k - a potion of haste
 p - a potion of cancellation

Dungeon Overview and Level Annotations

Branches:
Dungeon (9/15)             Temple (1/1) D:7            Lair (2/5) D:8
 Spider (0/4) Lair:2
  Swamp: Lair:2-3    Shoals: Lair:2-3       Orc: D:9-12

Altars:
Ashenzari
Cheibriados
Dithmenos
Elyvilon
Gozag
Hepliaklqana
Kikubaaqudgha
Makhleb
Nemelex Xobeh
Okawaru
Qazlal
Ru
Sif Muna
Trog
Uskayaw
Vehumet
Wu Jian
Xom
Yredelemnul
Zin
The Shining One

Annotations:
D:5 2 transporters, qw's ghost, amateur MiHs
D:7 1 runed translucent door, qw's ghost, novice DEHu


Message History

The seven-headed hydra completely misses you.
The swamp worm closely misses you.
The komodo dragon completely misses you.
You shoot a bolt. The bolt hits the seven-headed hydra!!
The bolt burns the seven-headed hydra.
The seven-headed hydra is heavily wounded.
The seven-headed hydra closely misses you.
The seven-headed hydra bites you but does no damage.
The seven-headed hydra misses you.
The seven-headed hydra bites you but does no damage.
The seven-headed hydra barely misses you.
The seven-headed hydra bites you but does no damage.
The seven-headed hydra bites you! The swamp worm barely misses you.
The komodo dragon misses you.
You shoot a bolt. The bolt hits the seven-headed hydra.
The bolt burns the seven-headed hydra.
The seven-headed hydra is heavily wounded.
The seven-headed hydra bites you but does no damage.
The seven-headed hydra barely misses you.
The seven-headed hydra bites you but does no damage.
The seven-headed hydra bites you! The seven-headed hydra bites you.
The seven-headed hydra bites you but does no damage. x2
The swamp worm bites you but does no damage.
The komodo dragon closely misses you.
You shoot a bolt.
The bolt hits the seven-headed hydra but does no damage.
The seven-headed hydra is heavily wounded.
The seven-headed hydra bites you. x2; The seven-headed hydra bites you!
The seven-headed hydra completely misses you.
The seven-headed hydra bites you.
The seven-headed hydra bites you but does no damage.
The seven-headed hydra barely misses you.
The swamp worm closely misses you.
The komodo dragon bites you but does no damage.
10033 ||| READING 3 scrolls of teleportation.
As you read the scroll of teleportation, it crumbles to dust.
You feel strangely unstable. The swamp worm bites you!
The seven-headed hydra misses you. The seven-headed hydra bites you!
You die...

.####.##.....#
#'#####..##.#.##~ ........##
#...P....#...#.#~ ..##.....#
#.....+..##....#~ . #....##
#...###..#.....## #.....#
##### #..........
).........## #..##......
#...#.......### ##..##......
.#.#..........# 7....#######
..$......77.@7 777..#######
.
......77.Dwl~~~~~7.........
........77~~~~~~~~7%........
77~~~~~~~77........
...~~~~77..###.###
7...7777...##### 77..¤
77...##.###


777¤ 77.##..... 7..##....# You could see a seven-headed hydra, a komodo dragon
and a swamp worm.

Vanquished Creatures
  A centaur warrior (D:8)
  An oklob plant (Lair:2)
  An ugly thing (D:8)
  Joseph (D:8)
  2 elephants (Lair:2)
  5 cane toads
  A gargoyle (D:8)
  Psyche (D:8)
  3 komodo dragons
  A troll (D:9)
  A polar bear (Lair:2)
  Prince Ribbit (D:7)
  A hornet (Lair:1)
  7 blink frogs (Lair:2)
  A wraith (D:8)
  2 wyverns (D:8)
  19 yaks
  3 basilisks
  A vampire mosquito (D:8)
  A steam dragon (D:7)
  A swamp worm (Lair:2)
  6 water moccasins
  A black bear (Lair:1)
  6 orc warriors
  2 ice beasts (D:7)
  2 sky beasts
  3 wolves (Lair:1)
  2 centaurs
  A phantom (D:4)
  10 bullfrogs
  A gnoll sergeant (D:8)
  5 scorpions
  17 wights
  An electric eel (D:8)
  2 howler monkeys (D:9)
  5 orc priests
  3 hounds
  A jelly (D:7)
  4 sleepcaps
  A gnoll bouda (D:6)
  3 iguanas
  Natasha (thrice) (D:4)
  7 orc wizards
  13 adders
  9 gnolls
  A shadow imp (D:6)
  5 white imps
  5 worms
  2 dart slugs
  34 orcs
  4 ball pythons
  6 bats
  8 endoplasms
  3 giant cockroaches
  4 goblins
  6 hobgoblins
  2 jackals (D:2)
  4 quokkas
  2 frilled lizards (D:1)
  9 kobolds
  3 rats
261 creatures vanquished.

Notes
Turn   | Place    | Note
-------+----------+-------------------------------------------
     0 | D:1      | qw the Gargoyle Hexslinger began the quest for the Orb.
     0 | D:1      | Reached XP level 1. HP: 12/12 MP: 2/2
     0 | D:1      | 0 ||| qw: Version: 0.3-a-46-gb1f654a
     0 | D:1      | 0 ||| qw: Game counter: 3440
     0 | D:1      | 0 ||| qw: Melee chars always use a shield: true
     0 | D:1      | 0 ||| qw: God list: Okawaru
     0 | D:1      | 0 ||| qw: Allow faded altars: false
     0 | D:1      | 0 ||| qw: Do Orc after clearing Dungeon:15 true
     0 | D:1      | 0 ||| qw: Do second Lair branch before Depths: true
     0 | D:1      | 0 ||| qw: Lair rune preference: random
     0 | D:1      | 0 ||| qw: Goals: Normal
     0 | D:1      | 0 ||| PLANNING D:1-11
    95 | D:1      | Reached XP level 2. HP: 16/16 MP: 3/3
   232 | D:1      | Reached skill level 3 in Ranged Weapons
   733 | D:1      | 733 ||| READING scroll labelled TUCUOC RIYDADO.
   737 | D:1      | 737 ||| READING 3 scrolls labelled WOPAAC COIGYAQ.
   738 | D:1      | 738 ||| READING scroll labelled MOOMES QEFI.
   739 | D:1      | 739 ||| READING scroll labelled XUNESHR EMASYUN.
   740 | D:1      | 740 ||| DRINKING 2 emerald potions.
   741 | D:1      | 741 ||| READING 2 scrolls of identify.
   741 | D:1      | 741 ||| IDENTIFYING fuming cyan potion
   742 | D:1      | 742 ||| DROPPING scroll of poison.
   780 | D:2      | Reached XP level 3. HP: 21/21 MP: 4/4
  1178 | D:2      | Reached XP level 4. HP: 22/26 MP: 5/5
  1183 | D:2      | 1183 ||| FLEEEEING.
  1230 | D:2      | Reached skill level 4 in Ranged Weapons
  1806 | D:2      | 1806 ||| UPGRADING to +0 ring mail.
  1816 | D:2      | 1816 ||| UPGRADING to +0 pair of gloves.
  1821 | D:2      | 1821 ||| DROPPING +0 robe.
  1822 | D:2      | 1822 ||| UPGRADING to ring of protection from cold.
  1823 | D:2      | 1823 ||| READING scroll labelled MAAZAUNESA.
  1824 | D:2      | 1824 ||| DRINKING 2 coppery potions.
  1825 | D:2      | 1825 ||| READING 4 scrolls of identify.
  1825 | D:2      | 1825 ||| IDENTIFYING glowing puce potion
  1826 | D:2      | 1826 ||| READING 3 scrolls of identify.
  1826 | D:2      | 1826 ||| IDENTIFYING clear potion
  1827 | D:2      | 1827 ||| READING 2 scrolls of identify.
  1827 | D:2      | 1827 ||| IDENTIFYING sedimented dark potion
  1828 | D:2      | 1828 ||| DROPPING potion of invisibility.
  1829 | D:2      | 1829 ||| DROPPING potion of berserk rage.
  1830 | D:2      | 1830 ||| DROPPING potion of brilliance.
  1861 | D:3      | Reached XP level 5. HP: 12/30 MP: 6/6
  1861 | D:3      | 1861 ||| FLEEEEING.
  1862 | D:3      | 1862 ||| STAIRDANCE
  2051 | D:3      | 2051 ||| READING scroll of enchant armour.
  2051 | D:3      | 2051 ||| ENCHANTING +0 pair of gloves.
  2058 | D:3      | Found an opulent altar of Gozag.
  2257 | D:3      | Found Zin's Purification Station.
  2258 | D:3      | Found a glowing silver altar of Zin.
  2264 | D:3      | 2264 ||| BUYING potion of curing (90 gold).
  2264 | D:3      | Bought a potion of curing for 90 gold pieces
  2291 | D:3      | 2291 ||| SWAPPING to +0 arbalest.
  2300 | D:3      | 2300 ||| DROPPING +1 sling of electrocution.
  2372 | D:3      | 2372 ||| READING scroll of brand weapon.
  2372 | D:3      | 2372 ||| BRANDING +0 arbalest.
  2389 | D:3      | 2389 ||| UPGRADING to +2 pair of boots.
  2430 | D:4      | Noticed a phantom
  2445 | D:4      | Killed a phantom
  2446 | D:4      | Reached skill level 5 in Ranged Weapons
  2446 | D:4      | Reached XP level 6. HP: 33/35 MP: 7/7
  2573 | D:4      | Reached skill level 3 in Fighting
  2733 | D:4      | Noticed Natasha
  2737 | D:4      | Killed Natasha
  2876 | D:4      | Found an ancient bone altar of Kikubaaqudgha.
  2983 | D:4      | Noticed Natasha
  2986 | D:4      | Killed Natasha
  2987 | D:4      | Reached skill level 6 in Ranged Weapons
  2991 | D:4      | Noticed Natasha
  2992 | D:4      | Killed Natasha
  3042 | D:4      | 3042 ||| DRINKING 3 grey potions.
  3043 | D:4      | 3043 ||| READING 3 scrolls of identify.
  3043 | D:4      | 3043 ||| IDENTIFYING murky emerald potion
  3044 | D:4      | 3044 ||| READING 2 scrolls of identify.
  3044 | D:4      | 3044 ||| IDENTIFYING gluggy blue potion
  3045 | D:4      | 3045 ||| DROPPING potion of degeneration.
  3087 | D:5      | Entered Level 5 of the Dungeon
  3088 | D:5      | 3088 ||| PLANNING SEWER
  3117 | D:5      | Reached XP level 7. HP: 39/42 MP: 8/8
  3128 | D:5      | You fall into a shaft and drop 3 floors!
  3286 | D:7      | Reached skill level 7 in Ranged Weapons
  3297 | D:7      | 3297 ||| READING scroll of brand weapon.
  3297 | D:7      | 3297 ||| BRANDING +0 arbalest of electrocution.
  3339 | D:7      | Found a staircase to the Ecumenical Temple.
  3449 | D:7      | Reached skill level 8 in Ranged Weapons
  3449 | D:7      | Reached XP level 8. HP: 48/48 MP: 9/9
  3461 | D:7      | 3461 ||| DROPPING ring of wizardry.
  3462 | D:7      | 3462 ||| READING scroll labelled ISOHEHE KEST.
  3618 | D:6      | Found a radiant altar of Vehumet.
  3901 | D:6      | 3901 ||| RIP SEWER
  3901 | D:6      | 3901 ||| PLANNING TEMPLE
  3901 | D:6      | 3901 ||| READING scroll labelled UMUWOL GO COQA.
  3936 | D:6      | 3936 ||| READING scroll labelled REHAUKLENU.
  3937 | D:6      | 3937 ||| READING scroll labelled MINODY VUGYEDD.
  3938 | D:6      | 3938 ||| READING 2 scrolls of identify.
  3938 | D:6      | 3938 ||| IDENTIFYING amethyst potion
  3939 | D:6      | 3939 ||| DROPPING potion of magic.
  3990 | Temple   | Entered the Ecumenical Temple
  4016 | Temple   | 4016 ||| PLANNING D:1-11
  4096 | D:6      | Found a snail-covered altar of Cheibriados.
  4139 | D:6      | 4139 ||| Stepping ~*~*~tactically~*~*~ (outnumbered).
  4227 | D:6      | 4227 ||| READING scroll labelled SYTZOW JITIJIP.
  4232 | D:5      | 4232 ||| RIP SEWER
  4259 | D:5      | 4259 ||| Stepping ~*~*~tactically~*~*~ (outnumbered).
  4261 | D:5      | 4261 ||| Stepping ~*~*~tactically~*~*~ (outnumbered).
  4263 | D:5      | 4263 ||| Stepping ~*~*~tactically~*~*~ (outnumbered).
  4264 | D:5      | 4264 ||| Stepping ~*~*~tactically~*~*~ (outnumbered).
  4265 | D:5      | 4265 ||| Stepping ~*~*~tactically~*~*~ (outnumbered).
  4266 | D:5      | 4266 ||| Stepping ~*~*~tactically~*~*~ (outnumbered).
  4286 | D:5      | Reached skill level 9 in Ranged Weapons
  4519 | D:5      | Reached skill level 6 in Fighting
  4557 | D:5      | 4557 ||| READING scroll of enchant armour.
  4557 | D:5      | 4557 ||| ENCHANTING +1 pair of gloves.
  4560 | D:5      | Found a transporter.
  4566 | D:5      | Found a transporter.
  4844 | D:5      | Noticed qw's ghost (amateur MiHs)
  5298 | D:7      | Reached XP level 9. HP: 55/55 MP: 10/10
  5312 | D:7      | Reached skill level 10 in Ranged Weapons
  5324 | D:7      | Found a runed translucent door.
  5325 | D:7      | Found a shimmering altar of Xom.
  5325 | D:7      | Noticed qw's ghost (novice DEHu)
  5326 | D:7      | Noticed a +0 short sword of chaos
  5336 | D:7      | Noticed Prince Ribbit
  5346 | D:7      | Killed Prince Ribbit
  5347 | D:7      | Reached skill level 3 in Armour
  5775 | D:7      | 5775 ||| UPGRADING to +0 steam dragon scales.
  5785 | D:7      | 5785 ||| DROPPING +0 ring mail.
  5786 | D:7      | 5786 ||| DROPPING scarf of shadows.
  5840 | D:8      | Reached skill level 3 in Dodging
  5865 | D:8      | Reached skill level 11 in Ranged Weapons
  5909 | D:8      | Reached XP level 10. HP: 63/63 MP: 11/11
  5921 | D:8      | 5921 ||| Stepping ~*~*~tactically~*~*~ (outnumbered).
  5922 | D:8      | 5922 ||| Stepping ~*~*~tactically~*~*~ (outnumbered).
  5924 | D:8      | 5924 ||| Stepping ~*~*~tactically~*~*~ (outnumbered).
  6025 | D:8      | Found a staircase to the Lair.
  6064 | D:8      | Noticed Psyche
  6067 | D:8      | Killed Psyche
  6123 | D:8      | Noticed a gargoyle
  6124 | D:8      | Noticed a centaur warrior
  6125 | D:8      | 6125 ||| Stepping ~*~*~tactically~*~*~ (outnumbered).
  6126 | D:8      | 6126 ||| Stepping ~*~*~tactically~*~*~ (outnumbered).
  6139 | D:8      | Killed a centaur warrior
  6140 | D:8      | Reached skill level 12 in Ranged Weapons
  6141 | D:8      | Killed a gargoyle
  6143 | D:8      | HP: 13/64 [orc warrior/+0 dire flail (8)]
  6144 | D:8      | 6144 ||| READING 4 scrolls of teleportation.
  6145 | D:8      | 6145 ||| DRINKING 2 potions of heal wounds.
  6280 | D:8      | 6280 ||| FLEEEEING.
  6281 | D:8      | 6281 ||| FLEEEEING.
  6282 | D:8      | 6282 ||| FLEEEEING.
  6283 | D:8      | 6283 ||| FLEEEEING.
  6284 | D:8      | 6284 ||| FLEEEEING.
  6286 | D:8      | 6286 ||| FLEEEEING.
  6287 | D:8      | 6287 ||| FLEEEEING.
  6288 | D:8      | 6288 ||| FLEEEEING.
  6289 | D:8      | 6289 ||| FLEEEEING.
  6290 | D:8      | 6290 ||| FLEEEEING.
  6337 | D:8      | Noticed Joseph
  6338 | D:8      | 6338 ||| Stepping ~*~*~tactically~*~*~ (outnumbered).
  6352 | D:8      | Killed Joseph
  6391 | D:8      | Found a shimmering altar of Xom.
  6392 | D:8      | Found a hide-covered altar of Uskayaw.
  6497 | D:8      | Noticed a brown ugly thing
  6503 | D:8      | Killed a brown ugly thing
  6504 | D:8      | Reached skill level 13 in Ranged Weapons
  6581 | D:8      | Reached XP level 11. HP: 69/69 MP: 12/12
  6686 | D:8      | 6686 ||| UPGRADING to +0 helmet.
  6691 | D:8      | 6691 ||| READING scroll labelled PEICRU KOJUA.
  6768 | D:9      | Identified the ring of Heidafeg {Ice Int+2}
  6772 | D:9      | 6772 ||| Stepping ~*~*~tactically~*~*~ (outnumbered).
  6780 | D:9      | Reached skill level 9 in Fighting
  6782 | D:9      | 6782 ||| DRINKING 5 potions of curing.
  6782 | D:9      | 6782 ||| (to cure confusion)
  7206 | D:9      | Found a sacrificial altar of Ru.
  7212 | D:9      | Found a white marble altar of Elyvilon.
  7218 | D:9      | Found an iron altar of Okawaru.
  7219 | D:9      | 7219 ||| PLANNING OKAWARU WORSHIP
  7219 | D:9      | 7219 ||| READING 6 scrolls of identify.
  7219 | D:9      | 7219 ||| IDENTIFYING cyan potion
  7227 | D:9      | Became a worshipper of Warmaster Okawaru
  7228 | D:9      | 7228 ||| PLANNING D:1-11
  7447 | D:9      | 7447 ||| PLANNING LAIR
  7447 | D:9      | 7447 ||| DROPPING amulet of guardian spirit.
  7492 | Lair:1   | Entered Level 1 of the Lair of Beasts
  7622 | Lair:1   | Reached * piety under Okawaru
  7664 | Lair:1   | Reached skill level 14 in Ranged Weapons
  7685 | Lair:1   | Reached skill level 1 in Invocations
  7756 | Lair:1   | You fall into a shaft and drop 1 floor!
  7798 | Lair:2   | 7798 ||| INVOKING Heroism.
  7810 | Lair:2   | 7810 ||| INVOKING Heroism.
  7863 | Lair:2   | 7863 ||| INVOKING Heroism.
  7868 | Lair:2   | Reached skill level 3 in Invocations
  7899 | Lair:2   | 7899 ||| INVOKING Heroism.
  8054 | Lair:2   | 8054 ||| READING 8 scrolls of identify.
  8054 | Lair:2   | 8054 ||| IDENTIFYING inky potion
  8055 | Lair:2   | 8055 ||| DROPPING potion of lignification.
  8070 | Lair:1   | Identified the +2 rapier "Meqiesi" {heavy, rElec rN+ Int+3
                  | Dex+4}
  8320 | Lair:1   | Reached ** piety under Okawaru
  8360 | Lair:1   | 8360 ||| INVOKING Heroism.
  8833 | Lair:1   | 8833 ||| INVOKING Heroism.
  8837 | Lair:1   | Reached XP level 12. HP: 77/77 MP: 12/15
  9279 | Lair:1   | 9279 ||| READING scroll labelled IKHEAGU LIMN.
  9301 | Lair:2   | 9301 ||| INVOKING Heroism.
  9457 | Lair:2   | Found a hole to the Spider Nest.
  9468 | Lair:2   | 9468 ||| INVOKING Heroism.
  9472 | Lair:2   | Reached skill level 15 in Ranged Weapons
  9637 | Lair:2   | 9637 ||| INVOKING Heroism.
  9654 | Lair:2   | 9654 ||| INVOKING Heroism.
  9656 | Lair:2   | HP: 16/77 [elephant (12)]
  9657 | Lair:2   | 9657 ||| READING 4 scrolls of teleportation.
  9658 | Lair:2   | 9658 ||| DRINKING 2 potions of heal wounds.
  9810 | Lair:2   | 9810 ||| INVOKING Heroism.
  9848 | Lair:2   | 9848 ||| INVOKING Heroism.
 10024 | Lair:2   | 10024 ||| INVOKING Heroism.
 10024 | Lair:2   | Noticed a seven-headed hydra
 10032 | Lair:2   | HP: 19/77 [seven-headed hydra (12)]
 10033 | Lair:2   | 10033 ||| READING 3 scrolls of teleportation.
 10033 | Lair:2   | HP: 5/77 [swamp worm (10)]
 10033 | Lair:2   | Slain by a seven-headed hydra

Levels and vault maps discovered:
D:1:      saegor_arrival_fortress, layout_basic
D:2:      layout_basic
D:3:      layout_basic, mainiacjoe_overflow_cross_hatched, zin_purify
D:4:      layout_basic, mainiacjoe_overflow_six_doors_small, uniq_natasha
D:5:      layout_cave_pools, gammafunk_ghost_gnarly_gnolls,
          portal_sewer_entry_d, minmay_misc_feat_nine_boxes, hellmonk_no_cap
D:6:      layout_loops_ring, kennysheep_little_box, mainiacjoe_overflow_24_doors
D:7:      layout_loops_cross, minmay_temple_entry_glassed_door,
          ebering_ghost_xom, hex_large, uniq_prince_ribbit1,
          uniq_crazy_yiuf_cottage
D:8:      minmay_bloctagon, layout_cave_pools, nicolae_overflow_squiral,
          lair_entry_dummy, corexii_leaking_fountain, uniq_psyche, uniq_joseph
D:9:      layout_basic, minmay_overflow_temple_star_quad
Temple:   nicolae_temple_ecumenical_triangle
Lair:1:   layout_layer_cave
Lair:2:   layout_regular_city, palyth_hydra_swamp_entry,
          nicolae_spider_entry_non_spiders, chequers_serial_rivers_room_b,
          serial_bayou_shore_b

Skill      XL: |  1  2  3  4  5  6  7  8  9 10 11 12 |
---------------+-------------------------------------+-----
Ranged Weapons | 3 4 5 6 8 9 11 13 14 15 | 15.4
Fighting       | 2 3 4 6 7 8 10 | 10.0
Armour         | 2 3 5 |  5.0
Dodging        | 2 3 4 5 |  5.2
Invocations    | 4 |  4.0
Spellcasting   | |  1.0
Hexes          | |  2.6

Action                     |  1- 3 |  4- 6 |  7- 9 | 10-12 || total
---------------------------+-------+-------+-------+-------++-------
   Fire: Sling             |   119 |   102 |       |       ||   221
         Arbalest          |       |    79 |   205 |   424 ||   708
 Invoke: Heroism           |       |       |       |    13 ||    13
    Use: Scroll            |     5 |     8 |     8 |     7 ||    28
         Potion            |     1 |     2 |       |     3 ||     6
 Armour: Robe              |    31 |    13 |       |       ||    44
         Ring mail         |       |    50 |    75 |       ||   125
         Steam dragon scal |       |       |    17 |   171 ||   188
  Dodge: Dodged            |    43 |    69 |    80 |   228 ||   420

Table legend:
 A = Non-vault XP
 B = Vault XP
 C = Vault XP percentage of total XP
 D = Non-vault monster count
 E = Vault monster count
 F = Vault count percentage of total count
                 A         B        C        D         E       F
            +---------+---------+-------+---------+---------+-------
      Total |   18309 |    4968 |  21.3 |     230 |      31 |  11.9
            +---------+---------+-------+---------+---------+-------
        D:1 |      31 |       0 |   0.0 |      17 |       0 |   0.0
        D:2 |      82 |       0 |   0.0 |      19 |       0 |   0.0
        D:3 |     122 |       0 |   0.0 |      22 |       0 |   0.0
        D:4 |     324 |      35 |   9.7 |      14 |       1 |   6.7
        D:5 |     356 |      87 |  19.6 |      14 |       3 |  17.6
        D:6 |     522 |       0 |   0.0 |      20 |       0 |   0.0
        D:7 |    1395 |     274 |  16.4 |      17 |       1 |   5.6
        D:8 |    2157 |    4136 |  65.7 |      31 |      17 |  35.4
        D:9 |    1192 |       0 |   0.0 |      25 |       0 |   0.0
     Lair:1 |    6205 |       0 |   0.0 |      32 |       0 |   0.0
     Lair:2 |    5923 |     436 |   6.9 |      19 |       9 |  32.1
            +---------+---------+-------+---------+---------+-------
